 Dungeon Crawl Stone Soup version 0.30-a0-862-g1aabd4f (webtiles) character file.

Game seed: 9386074357462297159

1990 Nithhogg the Cleaver (level 9, -3/70 (81) HPs)
             Began as a Hill Orc Fighter on Mar 9, 2023.
             Was a Follower of the Shining One.
             Slain by a hell rat (7 damage)
             ... on level 6 of the Dungeon.
             The game lasted 00:11:30 (6273 turns).

Nithhogg the Cleaver (Hill Orc Fighter)             Turns: 6273, Time: 00:11:30

HP:   -3/70 (81)    AC:  7    Str: 23    XL:     9   Next: 21%
MP:   13/13         EV: 10    Int:  8    God:    the Shining One [*.....]
Gold: 291           SH:  0    Dex: 10    Spells: 8/8 levels left

rFire   . . .      SeeInvis .    a - +0 war axe
rCold   + . .      Faith    .    (no shield)
rNeg    + . .      Spirit   .    t - +1 ring mail of Ufoqa {rF+ rN+ rCorr Slay+2}
rPois   .          Reflect  .    (no helmet)
rElec   .          Rampage  .    (no cloak)
rCorr   +                        (no gloves)
Will    .....                    (no boots) Stlth
                                 (no amulet)
HPRegen 0.31/turn                d - ring "Wiakupar" {Wiz Slay+3}
MPRegen 0.13/turn                q - ring of ice

@: glowing, studying Short Blades, heavily drained
A: no striking features
a: Renounce Religion, Divine Shield


You were on level 6 of the Dungeon.
You worshipped the Shining One.
The Shining One was aware of your devotion.
You visited 2 branches of the dungeon, and saw 7 of its levels.

You collected 291 gold pieces.

Inventory:

Hand Weapons
 a - a +0 war axe (weapon)
 e - a +0 glaive
 r - a +4 quarterstaff of chaos
Missiles
 B - 2 throwing nets (quivered)
Armour
 b - a +0 scale mail
 c - a +0 buckler
 s - a +0 cloak
 t - the +1 ring mail of Ufoqa (worn) {rF+ rN+ rCorr Slay+2}
   (You found it on level 4 of the Dungeon)

   Slay:      It affects your accuracy & damage with ranged weapons and melee
   (+2).
   rF:        It protects you from fire.
   rN:        It protects you from negative energy.
   rCorr:     It protects you from acid and corrosion.
Jewellery
 d - the ring "Wiakupar" (left hand) {Wiz Slay+3}
   (You took it off Robin on level 3 of the Dungeon)

   [ring of wizardry]

   It improves your spell success rate.
   Slay:      It affects your accuracy & damage with ranged weapons and melee
   (+3).
 q - a ring of ice (right hand)
 v - an amulet of magic regeneration
 x - a ring of fire
 y - a ring of willpower
Wands
 n - a wand of iceblast (8)
 p - a wand of charming (9)
Scrolls
 g - 3 scrolls of amnesia
 k - a scroll of teleportation {unknown}
 m - a scroll of fear {unknown}
 u - 2 scrolls of identify
 w - a scroll of butterflies
 A - a scroll of blinking {unknown}
 C - a scroll of poison {unknown}
Potions
 f - 3 potions of haste
 h - 2 potions of mutation {unknown}
 i - a potion of degeneration {unknown}
 j - a potion of curing {unknown}
 l - 2 potions of heal wounds
 o - a potion of invisibility {unknown}
 z - a potion of brilliance {unknown}
 D - a potion of attraction {unknown}
 E - a potion of ambrosia {unknown}


   Skills:
 + Level 7.9 Fighting
 + Level 9.5 Axes
 + Level 7.2 Armour
 - Level 3.2 Shields
 + Level 5.7 Invocations


You had 8 spell levels left.
You didn't know any spells.
Your spell library contained the following spells:

 Spells                   Type           Power      Damage    Failure   Level
 Slow                     Hex            0%         N/A       26%         1
 Confusing Touch          Hex            0%         N/A       56%         3
 Ignite Poison            Fire/Tmut/Pois 0%         N/A       56%         3
 Summon Guardian Golem    Hex/Summ       0%         N/A       56%         3
 Vampiric Draining        Necr           0%         2d6       56%         3
 Sticky Flame             Conj/Fire      0%         2d3       91%         4
 Orb of Destruction       Conj           0%         9d5       100%        7
 Spellforged Servitor     Conj/Summ      0%         N/A       100%        7
 Ignition                 Fire           0%         3d3       100%        8


Dungeon Overview and Level Annotations

Branches:
Dungeon (6/15)             Temple (1/1) D:4

Altars:
Cheibriados
Dithmenos
Fedhas
Gozag
Hepliaklqana
Kikubaaqudgha
Makhleb
Nemelex Xobeh
Okawaru
Qazlal
Ru
Trog
Uskayaw
Vehumet
Wu Jian
Xom
Yredelemnul
Zin
The Shining One

Shops:
D:2 !   D:4 (   D:5 =


Message History

The hell rat closely misses you. x2
You hit the hell rat but do no damage.
The hell rat is moderately wounded.
You hit the hell rat. The hell rat completely misses you.
The hell rat closely misses you.
A river rat comes into view.
You slash the hell rat!
The hell rat is almost dead.
You hit the hell rat but do no damage.
The hell rat bites you but does no damage.
The hell rat barely misses you.
You slice the hell rat!!
You kill the hell rat!
The Shining One accepts your kill.
You slash the hell rat! The hell rat misses you.
You hit the hell rat.
The hell rat is severely wounded.
You hit the hell rat. The hell rat bites you. You partially resist.
You feel drained. The hell rat bites you. You partially resist.
You feel drained.
The river rat twitches its whiskers.
The hell rat bites you but does no damage.
You slash the hell rat!
You kill the hell rat!
The Shining One accepts your kill.
You hit the hell rat but do no damage. You hit the river rat.
The hell rat bites you! You partially resist.
You feel drained.
You are too injured to fight recklessly!
You are too injured to fight recklessly!
You slash the hell rat!
The hell rat is heavily wounded.
You barely miss the hell rat. The hell rat bites you!
* * * LOW HITPOINT WARNING * * *
You partially resist.
You feel drained.
* * * LOW HITPOINT WARNING * * *
The hell rat attacks as you move away! The hell rat bites you!
* * * LOW HITPOINT WARNING * * *
You partially resist.
You feel drained. The hell rat closely misses you. The hell rat bites you!
You die...

#...# ##..#.###.#.†.## ##..#
##†##### ######.## ....## ###.##
######.# ###..## ##..## ...##..##
# ##..###.### ..##.###
#####...##.## r.. ##.## ### #<#
###.#.#†#######r# #.##.# #... #.#
#.####..##.rr#r..##.###..# #.#
#...####..@r...# #..##..# ..###
###.)..###########..#.(# #÷..#
#........>...##.###.#
#...#####.#####.#.##........#####
#.........# #..................
#...####÷.# ####..........#####
#...# #.)########..........#
#...# #)...................#
#...# #.#########..........#


You could see 2 hell rats and 3 river rats.

Vanquished Creatures
  Grinder (D:5)
  Eustachio (D:4)
  Menkaure (D:5)
  A water moccasin (D:6)
  A centaur (D:5)
  4 phantoms
  A bullfrog (D:6)
  Blork the orc (D:5)
  2 scorpions
  4 hounds
  2 orc priests
  A sleepcap (D:4)
  Ijyb (D:3)
  Crazy Yiuf (D:3)
  3 iguanas
  5 orc wizards
  3 hell rats (D:6)
  Robin (D:3)
  3 gnolls (D:6)
  8 adders
  8 river rats (D:6)
  A white imp (D:5)
  4 worms
  3 dart slugs
  16 orcs
  4 ball pythons
  3 endoplasms (D:1)
  A giant cockroach (D:2)
  10 goblins
  8 hobgoblins
  10 jackals
  3 quokkas
  4 bats
  2 frilled lizards
  4 kobolds
  5 rats
131 creatures vanquished.

Vanquished Creatures (others)
  9 fungi (D:3)
9 creatures vanquished.

Grand Total: 140 creatures vanquished

Notes
Turn   | Place    | Note
-------+----------+-------------------------------------------
     0 | D:1      | Nithhogg the Hill Orc Fighter began the quest for the Orb.
     0 | D:1      | Reached XP level 1. HP: 19/19 MP: 1/1
   112 | D:1      | Reached skill level 3 in Axes
   125 | D:1      | Reached XP level 2. HP: 23/27 MP: 2/2
  1103 | D:2      | Reached XP level 3. HP: 12/33 MP: 3/3
  1315 | D:2      | Found Dinen's Distillery.
  1830 | D:3      | Reached skill level 4 in Axes
  1830 | D:3      | Reached XP level 4. HP: 41/41 MP: 4/4
  1904 | D:3      | Identified the ring "Wiakupar" {Wiz Slay+3}
  1904 | D:3      | Noticed Robin
  1912 | D:3      | Killed Robin
  1913 | D:3      | Reached XP level 5. HP: 34/47 MP: 5/5
  2056 | D:3      | Noticed Ijyb
  2086 | D:3      | Killed Ijyb
  2087 | D:3      | Reached skill level 5 in Fighting
  2119 | D:3      | Found a basalt altar of Yredelemnul.
  2595 | D:3      | Found a runed translucent door.
  2596 | D:3      | Noticed Crazy Yiuf
  2640 | D:3      | Killed Crazy Yiuf
  2641 | D:3      | Reached skill level 5 in Axes
  2915 | D:4      | Reached XP level 6. HP: 42/56 MP: 6/6
  2917 | D:4      | Identified the +1 ring mail of Ufoqa {rF+ rN+ rCorr Slay+2}
  3153 | D:4      | Found a burning altar of Makhleb.
  3163 | D:4      | Reached skill level 5 in Armour
  3217 | D:4      | Found Fag Rasi's Weapon Shoppe.
  3471 | D:4      | Found a staircase to the Ecumenical Temple.
  3525 | Temple   | Entered the Ecumenical Temple
  3592 | Temple   | Became a worshipper of the Shining One
  3771 | D:4      | Found a sparkling altar of Nemelex Xobeh.
  3852 | D:4      | Noticed Eustachio
  3870 | D:4      | Killed Eustachio
  3871 | D:4      | Reached skill level 6 in Axes
  3871 | D:4      | Reached skill level 1 in Invocations
  3871 | D:4      | Reached XP level 7. HP: 50/63 MP: 6/8
  4312 | D:5      | Entered Level 5 of the Dungeon
  4312 | D:5      | Noticed Grinder
  4316 | D:5      | Noticed Menkaure
  4319 | D:5      | Killed Grinder
  4324 | D:5      | Killed Menkaure
  4325 | D:5      | Reached skill level 7 in Axes
  4330 | D:5      | Reached XP level 8. HP: 58/71 MP: 8/10
  4576 | D:5      | Found Utyd's Jewellery Emporium.
  4929 | D:5      | Reached skill level 8 in Axes
  5177 | D:5      | Noticed Blork the orc
  5190 | D:5      | Killed Blork the orc
  5448 | D:6      | Found a hazy altar of Hepliaklqana.
  5455 | D:6      | Reached * piety under the Shining One
  5549 | D:6      | Reached skill level 9 in Axes
  5573 | D:6      | Reached skill level 5 in Invocations
  5838 | D:6      | Reached XP level 9. HP: 65/80 MP: 12/12
  6273 | D:6      | Slain by a hell rat

Illustrated notes

Levels and vault maps discovered:
D:1:      heliophobic_arrival_dark_side_of_the_moon, layout_loops_corners,
          minmay_misc_feat_diagonals, dreamdust_princess_corridor,
          minmay_hedge_maze
D:2:      layout_basic, serial_shops, nicolae_shop_stone
D:3:      layout_loops_ring, mainiacjoe_overflow_alcove_4,
          uniq_crazy_yiuf_cottage, uniq_ijyb, uniq_robin
D:4:      layout_layer_cave, nemelex_spade_bored_becter,
          makhleb_blood_cavern_becter, minmay_temple_entry_overgrown,
          serial_shops, nicolae_shop_stone, uniq_eustachio
D:5:      layout_loops_cross, serial_shops, shop, minmay_manual_macuahuitl,
          uniq_menkaure, uniq_blork_the_orc, uniq_grinder
D:6:      wander_guarded_unrand_ratskin, layout_basic, amcnicky_altar_gilded
Temple:   eino_wide_crystal_templ

Skill      XL: |  1  2  3  4  5  6  7  8 |
---------------+-------------------------+-----
Axes           | 3 4 5 6 7 9 |  9.5
Fighting       | 4 5 6 7 |  7.9
Armour         | 4 5 6 7 |  7.2
Invocations    | 1 3 5 |  5.7
Shields        | |  3.2

Action                     |  1- 3 |  4- 6 |  7- 9 || total
---------------------------+-------+-------+-------++-------
  Melee: War axe           |    94 |   162 |   138 ||   394
         Punch             |     1 |       |     1 ||     2
    Use: Potion            |     1 |     3 |       ||     4
         Scroll            |       |       |     6 ||     6
 Armour: Scale mail        |    71 |    51 |       ||   122
         Ring mail         |       |    18 |    46 ||    64
  Dodge: Dodged            |    57 |    87 |    60 ||   204

Table legend: (Time is in decaauts)
 A = Elapsed time spent in this place.
 B = Non-inter-level travel time spent in this place.
 C = Inter-level travel time spent in this place.
 D = Time resting spent in this place.
 E = Time spent auto-exploring this place.
 F = Levels seen in this place.
 G = Mean time per level.
                   A        B        C        D        E       F      G
               +--------+--------+--------+--------+--------+-----+--------+
         Total |   6324 |   6085 |    239 |      0 |   5195 |   7 |  903.4 |
       Dungeon |   6236 |   6035 |    201 |      0 |   5157 |   6 | 1039.3 |
        Temple |     87 |     50 |     37 |      0 |     38 |   1 |   87.0 |
               +--------+--------+--------+--------+--------+-----+--------+

Top non-repeatable levels by time:
     D:4: 1439 daAuts
     D:5: 1127 daAuts
     D:1: 1097 daAuts
     D:3: 1044 daAuts
     D:6: 843 daAuts
     D:2: 686 daAuts
  Temple: 87 daAuts
